 Dungeon Crawl Stone Soup version 0.18.1-1-g2f07953 (webtiles) character file.

19168 namelastname112 the Destroyer (level 12, 0/95 HPs)
             Began as a Mottled Draconian Conjurer on May 7, 2016.
             Was a Believer of Ashenzari.
             Slain by a hornet zombie (12 damage)
             ... on level 12 of the Dungeon.
             The game lasted 00:27:32 (18613 turns).

namelastname112 the Destroyer (DrCj)               Turns: 18613, Time: 00:27:33

Health: 0/95       AC: 11    Str:  8    XL:     12   Next: 34%
Magic:  3/24       EV: 14    Int: 22    God:    Ashenzari [**....]
Gold:   746        SH:  0    Dex: 13    Spells: 4 memorised, 20 levels left

rFire  . . .     SeeInvis .     h - +1 dagger (venom)
rCold  + . .     Gourm    +     (armour unavailable)
rNeg   . . .     Faith    .     (no shield)
rPois  .         Spirit   .     (helmet restricted)
rElec  .         Dismiss  .     d - +0 cloak
rCorr  .         Reflect  .     l - +0 pair of gloves
SustAt .         Harm     .     p - +0 pair of boots (curse)
MR     +....                    n - amulet of the gourmand
Stlth  ++........               j - ring of wizardry (curse)
                                (no ring)

@: short of breath, somewhat resistant to hostile enchantments, unstealthy
A: breathe sticky flame splash, unfitting armour, clever 1, cold resistance 1,
low mp 1, magic resistance 1, screaming 1, slow regeneration 1, weak 1,
cold-blooded, AC +8
a: Breathe Sticky Flame, Curse Item, Scrying, Renounce Religion


You were on level 12 of the Dungeon.
You worshipped Ashenzari.
Ashenzari was pleased with you.
You were very full.

You visited 1 branch of the dungeon, and saw 12 of its levels.

You collected 746 gold pieces.

Inventory:

Hand Weapons
 h - a +1 dagger of venom (weapon)
Armour
 d - a +0 cloak (worn)
 l - a +0 pair of gloves (worn)
 p - a cursed +0 pair of boots (worn)
Rods
 w - a +0 iron rod (14/14)
   (You found it on level 7 of the Dungeon)
Jewellery
 j - a cursed ring of wizardry (right hand)
 n - an amulet of the gourmand (around neck)
 q - an uncursed ring of ice
Wands
 c - a wand of confusion (6/48)
 u - a wand of slowing (5/48)
 B - a wand of lightning (3/15)
 D - a wand of hasting (1/9)
 G - a wand of enslavement (4/24)
Scrolls
 g - 6 scrolls of enchant armour
 i - 4 scrolls of identify
 k - 8 scrolls of remove curse
 o - 4 scrolls of teleportation
 v - a scroll of amnesia
 y - 2 scrolls of fog
 E - a scroll of fear
 I - a scroll of summoning {unknown}
Potions
 e - 2 potions of might
 r - 2 potions of cancellation
 A - a potion of haste
 F - a potion of brilliance
Books
 a - a book of Conjurations

   Spells                             Type                      Level
   a - Magic Dart                     Conjuration                  1
   b - Searing Ray                    Conjuration                  2
   c - Dazzling Spray                 Conjuration/Hexes            3
   d - Fulminant Prism                Conjuration/Hexes            4
   e - Iskenderun's Mystic Blast      Conjuration                  4
   f - Iskenderun's Battlesphere      Conjuration/Charms           5
 s - a book of Callings

   Spells                             Type                      Level
   a - Summon Small Mammal            Summoning                    1
   b - Call Imp                       Summoning                    2
   c - Call Canine Familiar           Summoning                    3
   d - Summon Guardian Golem          Hexes/Summoning              3
   e - Summon Lightning Spire         Summoning/Air                4
   f - Summon Ice Beast               Ice/Summoning                4
 x - a book of Annihilations

   Spells                             Type                      Level
   a - Poison Arrow                   Conjuration/Poison           6
   b - Chain Lightning                Conjuration/Air              8
   c - Lehudib's Crystal Spear        Conjuration/Earth            8
   d - Glaciate                       Conjuration/Ice              9
   e - Fire Storm                     Conjuration/Fire             9
Miscellaneous
 C - a crystal ball of energy
Comestibles
 b - 12 bread rations
 f - 2 fruits
 m - 4 beef jerkies
 t - 4 meat rations
 z - 5 royal jellies
 H - a slice of pizza


   Skills:
 + Level 5.8 Fighting
 + Level 5.1 Dodging
 - Level 1.7 Stealth
 + Level 10.9 Spellcasting
 + Level 12.0 Conjurations
 - Level 9.2 Charms


You had 20 spell levels left.
You knew the following spells:

 Your Spells              Type           Power        Failure   Level  Hunger
a - Iskenderun's Battles  Conj/Chrm      ######..     1%          5    ####...
c - Iskenderun's Mystic   Conj           ######..     1%          4    #......
x - Searing Ray           Conj           ######       1%          2    None
z - Magic Dart            Conj           ####         1%          1    None


Dungeon Overview and Level Annotations

Branches:
Dungeon (12/15)            Temple (0/1) D:7            Lair (0/8) D:10
    Orc (0/2) D:11

Altars:
Ashenzari
Cheibriados
Elyvilon
Kikubaaqudgha
Okawaru
Pakellas
Qazlal
Ru
Xom
The Shining One


Innate Abilities, Weirdness & Mutations

You can spit globs of burning liquid.
You can ignite nearby creatures when you spit burning liquid.
Your weird mottled scales are hard (AC +8).
Your body does not fit into most forms of armour.
You are cold-blooded and may be slowed by cold attacks.
Your mind is acute. (Int +2)
Your flesh is cold resistant.
Your magical capacity is low (-10% MP).
You are resistant to hostile enchantments.
You occasionally shout uncontrollably at your foes.
You regenerate slowly when monsters are visible.
You are weak. (Str -2)


Message History

You take 15 damage, and have 23/95 hp.
The hornet zombie completely misses you.
The hornet zombie hits you!
* * * LOW HITPOINT WARNING * * *
You take 12 damage, and have 11/95 hp.
Press: ? - help, Shift-Dir - straight line, f/p - hornet zombie
Aim: a hornet zombie
Okay, then.
Press: ? - help, v - describe, . - travel
Here: a hornet zombie The floor.
Unknown command.
Press: ? - help, Shift-Dir - straight line, f/p - hornet zombie
Aim: a hornet zombie You spit a glob of burning liquid.
The splash of liquid fire hits the hornet zombie.
The hornet zombie is covered in liquid flames!
You feel somewhat less full.
The hornet zombie burns!
The hornet zombie hits you!
You die...

#.##.# #.#.# #..#..##.#
#..#.# #.#.# #.##..##.###
###.#.# #<#.# #.##........
#...#.#####.#.###.##.###.###
##.#.#.#...........##.P.P.#
#.P..#..)o.. #.#.........#
#.#######...
##.#.....#.#####.########..
####......................
######.######.#########
#.######.#


You could see an orc priest, an orc wizard, a hornet zombie (burning) and a
friendly battlesphere.

Vanquished Creatures
  Snorg (D:11)
  Erolcha (D:8)
  An unseen horror (D:11)
  2 hill giants
  A griffon (D:9)
  A cyclops (D:11)
  3 ugly things
  Maurice (D:8)
  A guardian serpent (shapeshifter) (D:11)
  3 centaur skeletons
  A kobold demonologist (D:11)
  A troll (D:7)
  A merfolk (D:10)
  Grinder (D:6)
  A spriggan (D:10)
  8 yaks
  A wraith (D:11)
  2 hippogriffs (D:11)
  A hill giant zombie (D:11)
  4 hungry ghosts
  Grum (D:11)
  A soldier ant (D:11)
  Duvessa (D:5)
  8 orc warriors
  A black bear (D:6)
  Purgy (D:3)
  4 necrophages
  2 ice beasts
  2 sky beasts
  7 ogres
  6 phantoms
  2 wolves (D:11)
  14 centaurs
  A crocodile (D:11)
  Blork the orc (D:6)
  3 big kobolds
  7 giant frogs
  2 wyvern zombies
  A gnoll sergeant (D:12)
  A water moccasin zombie (D:12)
  A wyvern skeleton (D:11)
  Dowan (D:5)
  6 scorpions
  A water moccasin skeleton (D:8)
  9 killer bees
  3 troll zombies (D:11)
  12 wights
  9 crimson imps
  3 giant frog zombies
  6 jellies
  3 quasits
  9 orc priests
  3 centaur zombies
  4 hounds
  7 orc wizards
  3 giant frog skeletons
  2 iguanas
  Natasha (twice) (D:3)
  10 worker ants
  A killer bee zombie (D:9)
  2 ogre zombies (D:11)
  A hound zombie (D:6)
  A hound skeleton (D:5)
  2 worker ant zombies (D:6)
  A howler monkey zombie (D:11)
  8 gnolls
  A howler monkey skeleton (D:11)
  17 adders
  2 shadow imps
  8 worms
  3 dart slugs
  6 giant geckos
  38 orcs
  3 ball pythons
  6 giant cockroaches
  7 hobgoblins
  6 jackals
  3 quokkas
  12 bats
  A giant newt (D:5)
  6 goblins
  A goblin skeleton (D:11)
  2 goblin zombies (D:11)
  A hobgoblin skeleton (D:11)
  A jackal skeleton (D:7)
  11 kobolds
  2 orc skeletons (D:11)
  13 orc zombies (D:11)
  A quokka skeleton (D:7)
  2 quokka zombies
  6 rats
371 creatures vanquished.

Notes
Turn   | Place    | Note
--------------------------------------------------------------
     0 | D:1      | namelastname112 the Draconian Conjurer began the quest for the Orb.
     0 | D:1      | Reached XP level 1. HP: 14/14 MP: 3/3
   306 | D:1      | Reached XP level 2. HP: 18/20 MP: 5/5
  1012 | D:2      | Learned a level 2 spell: Searing Ray
  1024 | D:2      | Reached XP level 3. HP: 11/26 MP: 5/7
  1776 | D:2      | Reached XP level 4. HP: 16/33 MP: 2/8
  2012 | D:2      | vatarom: здарова
  2012 | D:2      | namelastname112: здаров
  2012 | D:2      | namelastname112: че как
  2045 | D:2      | vatarom: да ничё
  2107 | D:2      | vatarom: захожу периодически
  2245 | D:2      | vatarom: сливаюсь на восьмом данже
  2250 | D:2      | vatarom: и выхожу
  2284 | D:3      | namelastname112: сейчас турнир кстати
  2295 | D:3      | Reached skill level 5 in Conjurations
  2529 | D:3      | vatarom: надо бы почитать условия
  2622 | D:3      | Noticed Purgy
  2647 | D:2      | Reached XP level 5. HP: 13/38 MP: 1/10
  2679 | D:2      | HP: 1/38 [poisoned by an adder]
  2990 | D:2      | Learned a level 5 spell: Iskenderun's Battlesphere
  3247 | D:3      | Killed Purgy
  3247 | D:3      | Reached skill level 1 in Charms
  3448 | D:3      | namelastname112: http://dobrazupa.org/tournament/0.18/
  3570 | D:3      | Noticed Natasha
  3577 | D:3      | Killed Natasha
  3577 | D:3      | Reached XP level 6. HP: 22/45 MP: 7/12
  3750 | D:3      | Noticed Natasha
  3754 | D:3      | Killed Natasha
  4537 | D:5      | Entered Level 5 of the Dungeon
  4551 | D:5      | Noticed Duvessa
  4551 | D:5      | Noticed Dowan
  4570 | D:5      | Killed Duvessa
  4570 | D:5      | Reached skill level 6 in Conjurations
  4570 | D:5      | Your scales start taking on a weird mottled colour.
  4570 | D:5      | Reached XP level 7. HP: 12/50 MP: 7/14
  4816 | D:5      | Killed Dowan
  4962 | D:5      | Found a snail-covered altar of Cheibriados.
  5014 | D:5      | Reached skill level 5 in Spellcasting
  5726 | D:5      | Found a white marble altar of Elyvilon.
  5849 | D:5      | Found a shattered altar of Ashenzari.
  5890 | D:5      | Reached skill level 7 in Conjurations
  5890 | D:5      | Reached XP level 8. HP: 37/57 MP: 9/16
  5905 | D:5      | Became a worshipper of Ashenzari the Shackled
  5945 | D:5      | Found a shimmering altar of Xom.
  5987 | D:5      | Found a sacrificial altar of Ru.
  6597 | D:5      | Found a stormy altar of Qazlal.
  6731 | D:6      | Noticed Grinder
  6735 | D:6      | Killed Grinder
  6950 | D:6      | Noticed Blork the orc
  6954 | D:6      | Reached skill level 5 in Charms
  6966 | D:6      | Killed Blork the orc
  6966 | D:6      | Reached skill level 8 in Conjurations
  7338 | D:6      | Reached XP level 9. HP: 60/62 MP: 14/19
  8480 | D:7      | Found a glowing golden altar of the Shining One.
  8524 | D:7      | Reached skill level 9 in Conjurations
  8568 | D:7      | Noticed a troll
  8580 | D:7      | Killed a troll
  9008 | D:7      | Found a staircase to the Ecumenical Temple.
  9282 | D:8      | Noticed Maurice
  9299 | D:8      | Killed Maurice
  9325 | D:8      | Reached XP level 10. HP: 35/69 MP: 6/22
  9972 | D:8      | Noticed Erolcha
 10001 | D:8      | Killed Erolcha
 10113 | D:8      | Found an oddly glowing altar of Pakellas.
 10235 | D:8      | Reached skill level 10 in Conjurations
 10446 | D:9      | Noticed a griffon
 10456 | D:9      | Killed a griffon
 11242 | D:8      | Gained mutation: You occasionally shout uncontrollably at your foes. [mutagenic meat]
 11243 | D:8      | Gained mutation: You are dopey. (Int -2) [mutagenic meat]
 11244 | D:8      | Lost mutation: You are dopey. (Int -2) [mutagenic meat]
 11245 | D:8      | Gained mutation: You are weak. (Str -2) [mutagenic meat]
 11333 | D:9      | Reached * piety under Ashenzari
 11381 | D:9      | Noticed a hill giant
 11387 | D:9      | Killed a hill giant
 11490 | D:9      | Learned a level 4 spell: Iskenderun's Mystic Blast
 11536 | D:9      | Found an ancient bone altar of Kikubaaqudgha.
 11838 | D:9      | Reached XP level 11. HP: 74/74 MP: 16/24
 12108 | D:9      | Found an iron altar of Okawaru.
 12164 | D:10     | Entered Level 10 of the Dungeon
 12510 | D:10     | Reached skill level 11 in Conjurations
 13230 | D:10     | Found an iron altar of Okawaru.
 13367 | D:10     | Found a staircase to the Lair.
 13765 | D:10     | Reached skill level 10 in Spellcasting
 14023 | D:11     | Reached skill level 1 in Fighting
 14295 | D:11     | Reached ** piety under Ashenzari
 15250 | D:11     | Noticed Snorg
 15499 | D:11     | Killed Snorg
 15577 | D:11     | Noticed an unseen horror
 15580 | D:11     | Killed an unseen horror
 15584 | D:11     | jacquesderrida: НАМИР
 15591 | D:11     | jacquesderrida: ТЫ СЛОМАЛ АКВАИРМЕНТ?!?!
 15591 | D:11     | jacquesderrida: s - the +10 lajatang of Eternal Vigilance (weapon) {venom, +Rage rN+ Str+4}
 15592 | D:11     | jacquesderrida: Зач мне ето?!
 15592 | D:11     | namelastname112: чебы ты живой был
 15607 | D:11     | jacquesderrida: Требую заменить товар!
 15885 | D:11     | namelastname112: а че ты хочешь
 16001 | D:11     | Noticed Grum
 16013 | D:11     | Killed Grum
 16226 | D:11     | Found a staircase to the Orcish Mines.
 16285 | D:11     | Noticed a hill giant
 16314 | D:11     | Killed a hill giant
 16555 | D:11     | Noticed a green ugly thing
 16560 | D:11     | Killed a green ugly thing
 16560 | D:11     | Reached XP level 12. HP: 73/92 MP: 12/26
 16564 | D:11     | Gained mutation: Your flesh is cold resistant. [mutagenic meat]
 17125 | D:11     | Reached skill level 5 in Fighting
 17340 | D:11     | Gained mutation: Your mind is acute. (Int +2) [potion of mutation]
 17340 | D:11     | Gained mutation: Your magical capacity is low (-10% MP). [potion of mutation]
 17401 | D:11     | Gained mutation: You regenerate slowly when monsters are visible. [mutagenic meat]
 17402 | D:11     | Gained mutation: You are resistant to hostile enchantments. [mutagenic meat]
 17911 | D:12     | jacquesderrida: Хачю мучъ!
 18045 | D:12     | jacquesderrida: Хотя етот тож silny ;^)
 18252 | D:12     | Reached skill level 5 in Dodging
 18273 | D:12     | Reached skill level 12 in Conjurations
 18613 | D:12     | Slain by a hornet zombie

Skill      XL: |  1  2  3  4  5  6  7  8  9 10 11 12 |
---------------+-------------------------------------+-----
Spellcasting   | 3 4 5 6 8 9 10 | 10.9
Conjurations   | 5 6 7 8 9 10 11 12 | 12.0
Charms         | 1 2 3 5 7 8 9 |  9.2
Fighting       | 4 5 |  5.8
Dodging        | 4 5 |  5.1
Stealth        | |  1.7

Action                   |  1- 3 |  4- 6 |  7- 9 | 10-12 || total
-------------------------+-------+-------+-------+-------++-------
Melee: Dagger            |    65 |    27 |   147 |   173 ||   412
       Unarmed           |    14 |       |       |       ||    14
       Tailslap          |     9 |     6 |    17 |    28 ||    60
Throw: Throwing net      |       |       |     1 |     1 ||     2
 Cast: Magic Dart        |    56 |   104 |   217 |   276 ||   653
       Searing Ray       |     2 |     9 |    13 |    21 ||    45
       Iskenderun's Batt |       |       |    10 |    58 ||    68
       Iskenderun's Myst |       |       |       |    94 ||    94
Invok: Curse Item        |       |       |     1 |       ||     1
 Abil: Breathe Sticky Fl |       |       |    13 |    25 ||    38
Evoke: Wand              |       |       |       |     2 ||     2
  Use: Potion            |     1 |       |     5 |     4 ||    10
       Scroll            |     1 |       |     2 |    11 ||    14
 Stab: Sleeping          |     3 |       |       |     1 ||     4
  Eat: Chunk             |     4 |     3 |    11 |    70 ||    88
       Meat ration       |       |     1 |     2 |       ||     3
       Fruit             |       |       |     2 |       ||     2
       Pizza             |       |       |       |     1 ||     1
Armor: Skin              |    32 |    21 |    90 |   148 ||   291
Dodge: Dodged            |    65 |    34 |   191 |   222 ||   512
